 Dungeon Crawl Stone Soup version 0.30.0-10-gfe55d96785 (webtiles) character file.

Game seed: 16215174178583209638

77 Jarnaxa the Cudgeller (level 4, -9/35 HPs)
             Began as a Demonspawn Monk on May 14, 2023.
             Mangled by an iguana (10 damage)
             ... on level 4 of the Dungeon.
             The game lasted 00:03:10 (2315 turns).

Jarnaxa the Cudgeller (Demonspawn Monk)             Turns: 2315, Time: 00:03:11

Health: -9/35      AC:  7    Str: 13    XL:     4   Next: 13%
Magic:  4/4        EV:  9    Int: 12    God:
Gold:   212        SH:  0    Dex: 15    Spells: 3/3 levels left

rFire   . . .        p - +1 flail
rCold   . . .        d - orb {light}
rNeg    . . .        f - +0 ring mail
rPois   .            j - +0 helmet
rElec   .            k - +0 cloak
rCorr   .            (no gloves)
SInv    .            (no boots)
Will    .....        (no amulet)
Stlth   +            (no ring)
HPRegen 0.25/turn    (no ring)
MPRegen 0.09/turn

%: no passive effects
@: weak-willed, glowing, constricted
A: sturdy frame 1
a: no special abilities


You were on level 4 of the Dungeon.
You visited 1 branch of the dungeon, and saw 4 of its levels.

You collected 212 gold pieces.

Inventory:

Hand Weapons
 a - a +0 mace
 p - a +1 flail (weapon)
Missiles
 r - 4 boomerangs of dispersal (quivered)
Armour
 b - a +0 robe
 d - an orb of light (worn)
 f - a +0 ring mail (worn)
 j - a +0 helmet (worn)
 k - a +0 cloak (worn)
Jewellery
 t - an amulet of magic regeneration
Scrolls
 e - 5 scrolls of identify
 h - a scroll of enchant weapon
 m - a scroll of vulnerability
Potions
 c - a potion of ambrosia
 o - a potion of brilliance
 q - 2 potions of cancellation
 s - a potion of might {unknown}


   Skills:
 + Level 3.4 Fighting
 + Level 3.7 Maces & Flails
 + Level 1.0 Armour
 + Level 3.0 Dodging


You had 3 spell levels left.
You didn't know any spells.
Your spell library contained the following spells:

 Spells                   Type           Power      Damage    Failure   Level
 Necrotise                Necr           0%         1d4       43%         1
 Blink                    Tloc           0%         N/A       58%         2
 Lesser Beckoning         Tloc           0%         N/A       58%         2
 Momentum Strike          Conj/Tloc      0%         3d8       58%         2
 Inner Flame              Hex/Fire       0%         N/A       82%         3
 Vampiric Draining        Necr           0%         2d6       82%         3
 Flame Wave               Conj/Fire      0%         2d4       99%         4
 Sticky Flame             Conj/Fire      0%         2d3       99%         4
 Agony                    Necr           0%         N/A       100%        5
 Malign Gateway           Summ/Tloc      0%         N/A       100%        7
 Summon Horrible Things   Summ           0%         N/A       100%        8


Dungeon Overview and Level Annotations

Branches:
Dungeon (4/15)
 Temple: D:4-7

Altars:

Portals:
Sewer: D:4


Innate Abilities, Weirdness & Mutations

Your movements are slightly less encumbered by armour. (ER -2)


Message History

Your attack snaps the iguana out of its fear.
Magic quickly surges around you.
It was a scroll of vulnerability.
As you read the scroll labelled ODUWYC TEADGH, it crumbles to dust.
You hear a loud clanging noise!
It was a scroll of noise.
You hear a howl!
As you read the scroll of identify, it crumbles to dust.
o - a potion of brilliance The giant cockroach bites you but does no damage.
The ball python bites you.
* * * LOW HITPOINT WARNING * * *
The ball python barely misses you.
You feel better. The giant cockroach barely misses you. The rat bites you.
The ball python bites you. The ball python barely misses you.
The iguana bites you!
* * * LOW HITPOINT WARNING * * *
The rat barely misses you.
A howler monkey comes into view.
The howler monkey howls!
You hit the rat.
You kill the rat!
The giant cockroach misses you.
The ball python bites you but does no damage.
The ball python grabs you. The ball python constricts you.
The iguana closely misses you. The rat barely misses you.
The giant cockroach bites you.
* * * LOW HITPOINT WARNING * * *
The ball python closely misses you. The ball python constricts you.
You hit the rat.
You kill the rat!
You hear the slow rusting of a drain.
The iguana bites you but does no damage.
The giant cockroach bites you but does no damage.
The ball python barely misses you. The ball python constricts you.
* * * LOW HITPOINT WARNING * * *
You hit the giant cockroach but do no damage.
The giant cockroach bites you.
* * * LOW HITPOINT WARNING * * *
The iguana bites you!
You die...

***** #.***.....##.##.##
*.#*###.#.##)#.#.#** *..*
##.#.##..###... *#.*
#.......#.#,... ###.*
#..!....#..###.
**####...###.....<.#.##**.
*,........†........#.#*,,,
**,......Sl#........#.#*,**
*,,..~~~.B@#........#..,,,,
*,,.~~~~~†..........###*,**
*,,.~~∩~~....######## *,*
*,,.~~~~~.....# *,*
*,,..~~~.h..!.# *******,*
*,,........##.# *,,,,,,,*
*,,.........,.# *,*******
*,*####.####*.# *,*
*,,,,,,,*****,****,*


You could see a howler monkey, an iguana (weak-willed), a giant cockroach
(weak-willed) and a ball python (weak-willed).

Vanquished Creatures
  A river rat (D:4)
  An ufetubus (D:3)
  A worm (D:3)
  2 orcs (D:3)
  4 endoplasms
  2 giant cockroaches
  4 goblins
  6 hobgoblins
  2 jackals (D:1)
  4 kobolds
  5 quokkas
  4 ball pythons
  4 bats (D:1)
  2 frilled lizards
  13 rats
55 creatures vanquished.

Notes
Turn   | Place    | Note
-------+----------+-------------------------------------------
     0 | D:1      | Jarnaxa the Demonspawn Monk began the quest for the Orb.
     0 | D:1      | Reached XP level 1. HP: 18/18 MP: 1/1
   219 | D:1      | Gained mutation: Your movements are slightly less
                  | encumbered by armour. (ER -2) [demonic ancestry]
   219 | D:1      | Reached XP level 2. HP: 22/24 MP: 2/2
   639 | D:1      | Reached XP level 3. HP: 28/29 MP: 3/3
   834 | D:1      | Found a faded altar of an unknown god.
  2287 | D:4      | Found a glowing drain.
  2295 | D:4      | Reached XP level 4. HP: 9/35 MP: 4/4
  2299 | D:4      | Reached skill level 1 in Armour
  2315 | D:4      | HP: 1/35 [giant cockroach (1)]
  2315 | D:4      | Mangled by an iguana

Illustrated notes

Levels and vault maps discovered:
D:1:      amcnicky_arrival_single_pillar, layout_loops_ring,
          shapermc_ecumenical_altar_acropolis, minmay_rat_gold_closets
D:2:      layout_rooms
D:3:      wander_river, layout_basic, overflow_temple_1_default,
          chequers_big_river, st_stairs_14, chequers_serial_rivers_micro_c,
          solitary_fountain, chequers_serial_rivers_micro_e, interstate_on_off,
          chequers_serial_rivers_room_b, hangedman_decor_points,
          kennysheep_generic_room_12
D:4:      layout_loops_cross, portal_sewer_entry_a, mrwooster_statue_mirror,
          nicolae_wooded_promenade, kennysheep_generic_room_6

Skill      XL: |  1  2  3  4 |
---------------+-------------+-----
Maces & Flails | 3 |  3.7
Dodging        | 3 |  3.0
Armour         | 1 |  1.0
Fighting       | |  3.4

Action                     |  1- 3 |  4- 6 || total
---------------------------+-------+-------++-------
  Melee: Mace              |   126 |       ||   126
         Flail             |    28 |     9 ||    37
    Use: Scroll            |       |     8 ||     8
         Potion            |       |     1 ||     1
 Armour: Robe              |    16 |       ||    16
         Ring mail         |    33 |    10 ||    43
  Dodge: Dodged            |   127 |    19 ||   146
